 Dungeon Crawl Stone Soup version 0.23.2-1-ga50397a6bc (webtiles) character file.

Game seed: 8316707995678163517

480 Foic the Magician (level 6, -1/45 HPs)
             Began as a Demigod Summoner on May 27, 2019.
             Shot with an arrow by a centaur (9 damage)
             ... on level 5 of the Dungeon.
             The game lasted 00:32:16 (5984 turns).

Foic the Magician (Demigod Summoner)                Turns: 5984, Time: 00:32:18

Health: -1/45      AC:  4    Str: 11    XL:     6   Next: 55%
Magic:  5/16       EV: 14    Int: 23    God:
Gold:   245        SH:  0    Dex: 16    Spells: 4/14 levels left

rFire    . . .     SeeInvis .   y - +0 quarterstaff
rCold    + . .     Gourm    +   (shield currently unavailable)
rNeg     . . .     Faith    .   a - +0 robe
rPois    .         Spirit   .   (no helmet)
rElec    .         Reflect  .   (no cloak)
rCorr    .         Harm     .   (no gloves)
MR       .....                  b - +1 pair of boots
Stlth    ++........             z - amulet of the gourmand
HPRegen  0.15/turn              i - ring of flight
MPRegen  0.15/turn              n - ring of protection from cold

@: no status effects
A: high mp 1
a: Evoke Flight


You were on level 5 of the Dungeon.
You were not hungry.

You visited 1 branch of the dungeon, and saw 5 of its levels.

You collected 245 gold pieces.

Inventory:

Hand Weapons
 d - a +0 dagger
 h - a +1 short sword of venom
 y - a +0 quarterstaff (weapon)
Missiles
 e - 152 stones (quivered)
 f - 106 arrows
 j - 32 sling bullets
Armour
 a - a +0 robe (worn)
 b - a +1 pair of boots (worn)
 l - a +0 leather armour
Jewellery
 i - a ring of flight (left hand)
 n - a ring of protection from cold (right hand)
 q - an uncursed amulet of harm
 z - an amulet of the gourmand (around neck)
Wands
 w - a wand of iceblast (9)
Scrolls
 g - 4 scrolls of remove curse
 k - 2 scrolls of fear {unknown}
 o - a scroll of magic mapping {unknown}
 p - a scroll of immolation {unknown}
 r - a scroll of fog {unknown}
 s - 6 scrolls of identify
 x - a scroll of random uselessness {unknown}
Potions
 m - a potion of lignification {unknown}
 t - 2 potions of degeneration {unknown}
 u - a potion of might {unknown}
 v - 2 potions of mutation {unknown}
 A - a potion of resistance {unknown}
Comestibles
 c - 11 rations


   Skills:
 * Level 3.2 Dodging
 + Level 1.9 Stealth
 * Level 4.9 Spellcasting
 + Level 4.6 Summonings


You had 4 spell levels left.
You knew the following spells:

 Your Spells              Type           Power        Failure   Level  Hunger
a - Summon Small Mammal   Summ           ####         1%          1    None
b - Call Imp              Summ           ####....     1%          2    None
c - Call Canine Familiar  Summ           ####....     4%          3    ##.....
d - Summon Ice Beast      Ice/Summ       ###.....     36%         4    ####...

Your spell library contained the following spells:

 Spells                   Type           Power        Failure   Level  Hunger
 Summon Guardian Golem    Hex/Summ       ###.....     11%         3    ##.....
 Summon Lightning Spire   Summ/Air       ###.....     36%         4    ####...


Dungeon Overview and Level Annotations

Branches:
Dungeon (5/15)
 Temple: D:4-7

Shops:
D:4 *!*:?

Annotations:
D:4 730g & 605g summoning books, 220g minor magic (blink)


Innate Abilities, Weirdness & Mutations

You have an increased reservoir of magic. (+10% MP)


Message History

Confirm with . or Enter, or press ? or * to list all spells.
The centaur shoots an arrow.
The arrow hits you!
The centaur shoots an arrow.
The arrow completely misses your quokka.
The arrow hits you.
Your quokka barely misses the centaur.
The centaur shoots an arrow.
The arrow misses your quokka. The arrow hits you!
* * * LOW HITPOINT WARNING * * *
Your quokka bites the centaur.
You see here 2 arrows.
Your hound barely misses the centaur.
The centaur shoots an arrow.
The arrow hits your quokka!
Your quokka dies!
Your quokka's corpse disappears in a puff of smoke!
Casting: Call Canine Familiar (safe; 4% risk of failure)
Confirm with . or Enter, or press ? or * to list all spells.
A beastly little devil appears in a puff of flame.
Your hound completely misses the centaur.
The centaur shoots an arrow.
The arrow completely misses you.
Your hound bites the centaur.
The centaur shoots an arrow.
The arrow hits you!
You die...

#.# . .. #. #.# #.#. #.
#.# #.#.# #5 #.# #....
#c #.# ##...# #( #.#
#.....## #c###.###.#
.......## #h(..(@<..#
......<.####ยง.5.#######
........'..............
........####....#####
.......## ##.#......#
#.....## ##.###.###.#
##...# ##.## ##.## ##+#
#.## ##.# ##r## ##.##.#


You could see a centaur, a friendly hound and a friendly crimson imp.

Vanquished Creatures (collateral kills)
  4 ogres
  A wyvern zombie (D:3)
  A scorpion (D:3)
  3 orc priests
  3 orc wizards
  Terence (D:2)
  An iguana (D:4)
  Natasha (twice) (D:2)
  4 gnolls (D:4)
  A river rat (D:3)
  7 adders
  An ooze (D:5)
  2 dart slugs (D:1)
  4 leopard geckos
  6 orcs
  9 giant cockroaches
  7 goblins
  3 hobgoblins (D:1)
  6 jackals
  2 ball pythons
  5 bats
  11 frilled lizards
  12 kobolds
  4 rats
100 creatures vanquished.

Vanquished Creatures (others)
  A giant cockroach (D:1)
1 creature vanquished.

Grand Total: 101 creatures vanquished

Notes
Turn   | Place    | Note
-------+----------+-------------------------------------------
     0 | D:1      | Foic the Demigod Summoner began the quest for the Orb.
     0 | D:1      | Reached XP level 1. HP: 14/14 MP: 5/5
   562 | D:1      | Reached XP level 2. HP: 20/20 MP: 4/7
   568 | D:1      | Learned a level 2 spell: Call Imp
  1376 | D:2      | Noticed Natasha
  1402 | D:2      | Killed Natasha
  1402 | D:2      | Reached XP level 3. HP: 20/26 MP: 5/9
  1483 | D:2      | Learned a level 3 spell: Call Canine Familiar
  1484 | D:2      | Noticed Terence
  1786 | D:2      | HP: 1/26 [Terence/+0 trident (11)]
  1832 | D:2      | Killed Terence
  1961 | D:2      | Noticed Natasha
  2136 | D:2      | Killed Natasha
  2535 | D:2      | Found a shattered altar of Ashenzari.
  2685 | D:2      | Found a glowing golden altar of the Shining One.
  3042 | D:3      | Reached XP level 4. HP: 33/33 MP: 5/11
  3171 | D:3      | Noticed an ogre
  3176 | D:3      | Killed an ogre
  3288 | D:3      | Found a stormy altar of Qazlal.
  3288 | D:3      | Found a white marble altar of Elyvilon.
  3929 | D:3      | Learned a level 4 spell: Summon Ice Beast
  3976 | D:3      | Reached XP level 5. HP: 33/38 MP: 1/13
  4394 | D:3      | Noticed an ogre
  4410 | D:3      | Killed an ogre
  4619 | D:4      | Noticed an ogre
  4650 | D:4      | Killed an ogre
  4667 | D:3      | Reached XP level 6. HP: 43/45 MP: 2/15
  4780 | D:4      | Found a shimmering altar of Xom.
  4957 | D:4      | Found Naryser's Book Emporium.
  5310 | D:4      | Found Qoghoz's Distillery.
  5319 | D:4      | Found Dyrerylu's Assorted Antiques.
  5412 | D:4      | Found Daetih's General Store.
  5472 | D:4      | Found Zaloitih's Magic Scroll Boutique.
  5733 | D:4      | Found a sparkling altar of Nemelex Xobeh.
  5921 | D:5      | Entered Level 5 of the Dungeon
  5984 | D:5      | Shot with an arrow by a centaur

Skill      XL: |  1  2  3  4  5  6 |
---------------+-------------------+-----
Spellcasting   | 2 3 4 |  4.9
Dodging        | 2 3 |  3.2
Summonings     | 4 |  4.6
Stealth        | |  1.9

Action                   |  1- 3 |  4- 6 || total
-------------------------+-------+-------++-------
Melee: Quarterstaff      |       |     1 ||     1
 Cast: Summon Small Mamm |    57 |    25 ||    82
       Call Imp          |    17 |    21 ||    38
       Call Canine Famil |    17 |    40 ||    57
  Use: Scroll            |     5 |     1 ||     6
  Eat: Chunk             |     9 |    22 ||    31
       Ration            |       |     1 ||     1
Armor: Robe              |    11 |     1 ||    12
Dodge: Dodged            |    45 |    17 ||    62
